 Dungeon Crawl Stone Soup version 0.29-a0-275-g389c0b56f3 (webtiles) character file.

Game seed: 9254990436315604315

448 oldriver the Shooter (level 6, -5/32 HPs)
             Began as a Spriggan Hunter on Mar 13, 2022.
             Slain by a killer bee (8 damage)
             ... on level 4 of the Dungeon.
             The game lasted 00:04:33 (3267 turns).

oldriver the Shooter (Spriggan Hunter)              Turns: 3267, Time: 00:04:34

Health: -5/32      AC:  2    Str:  5 (8)  XL:     6   Next: 73%
Magic:  7/7        EV: 18    Int: 12 (13) God:
Gold:   215        SH:  0    Dex: 14 (17) Spells: 5/5 levels left

rFire   . . .      SeeInvis +   a - +1 shortbow
rCold   . . .      Faith    .   (shield currently unavailable)
rNeg    . . .      Spirit   .   b - +0 robe
rPois   .          Reflect  .   (helmet restricted)
rElec   .          Harm     .   (no cloak)
rCorr   .          Rampage  .   (gloves unavailable)
Will    +....                   (boots unavailable)
Stlth   +++.......              (no amulet)
HPRegen 0.10/turn               (no ring)
MPRegen 0.10/turn               (no ring)

@: brilliant, lethally poisoned (-5 -> -8), very quick
A: very small, no large weapons, unfitting armour, see invisible, speed 3
a: no special abilities


You were on level 4 of the Dungeon.
You visited 1 branch of the dungeon, and saw 5 of its levels.

You collected 215 gold pieces.

Inventory:

Hand Weapons
 a - a +1 shortbow (weapon)
 e - a +2 dagger of draining
Armour
 b - a +0 robe (worn)
 m - a +2 buckler
Wands
 g - a wand of paralysis (6)
 k - a wand of mindburst (8)
Scrolls
 c - 2 scrolls of immolation
 d - a scroll of noise {unknown}
 f - 2 scrolls of enchant armour {unknown}
 i - a scroll of identify {unknown}
 l - a scroll of amnesia {unknown}
 o - a scroll of blinking {unknown}
Potions
 h - a potion of ambrosia {unknown}
 p - a potion of might {unknown}


   Skills:
 + Level 3.0 Fighting
 * Level 7.2 Bows
 + Level 4.9 Dodging
 - Level 5.0 Stealth


You had 5 spell levels left.
You didn't know any spells.
Your spell library contained the following spells:

 Spells                   Type           Power      Damage    Failure   Level
 Animate Skeleton         Necr           0%         N/A       32%         1
 Apportation              Tloc           0%         N/A       32%         1
 Magic Dart               Conj           0%         1d3       32%         1
 Summon Small Mammal      Summ           0%         N/A       32%         1
 Call Imp                 Summ           0%         N/A       45%         2
 Searing Ray              Conj           0%         2d4       45%         2
 Sublimation of Blood     Necr           0%         N/A       45%         2
 Wereblood                Tmut           0%         N/A       45%         2
 Gell's Gravitas          Tloc           0%         N/A       69%         3
 Mephitic Cloud           Conj/Pois/Air  0%         N/A       69%         3
 Teleport Other           Tloc           0%         N/A       69%         3
 Fulminant Prism          Conj/Hex       0%         3d6       97%         4
 Dispersal                Tloc           0%         N/A       100%        6
 Summon Hydra             Summ           0%         N/A       100%        7


Dungeon Overview and Level Annotations

Branches:
Dungeon (5/15)
 Temple: D:4-7

Altars:
Ashenzari
Elyvilon
Fedhas
Okawaru
Qazlal
Sif Muna
Trog
Wu Jian
Yredelemnul
The Shining One


Innate Abilities, Weirdness & Mutations

You are very small and have problems with some larger weapons.
You are too small for most types of armour.
You have supernaturally acute eyesight. (SInv)
You cover ground extremely quickly. (Speed+++)


Message History

The killer bee poisons you!
Shoot: a) +1 shortbow
Press: ? - help, Shift-Dir - straight line, f/p - killer bee
Aim: a killer bee (heavily wounded, 40% to hit)
Aiming: Mindburst
Press: ? - help, Shift-Dir - straight line, f/p - killer bee
Aim: a killer bee (heavily wounded, chance to affect: 72%)
The killer bee struggles to resist.
You feel very sick. The killer bee barely misses you.
The killer bee completely misses you. The killer bee barely misses you.
The killer bee stings you.
* * * LOW HITPOINT WARNING * * *
Aiming: Mindburst
Press: ? - help, Shift-Dir - straight line, f - killer bee, p - killer bee
Aim: a killer bee (chance to affect: 72%)
The killer bee's mind is blasted!!
You blow up the killer bee!
* * * LOW HITPOINT WARNING * * *
You feel sick. The killer bee misses you. The killer bee barely misses you.
Training target 5.0 for Stealth reached!
Your Fighting skill increases to level 3!
Your Stealth skill increases to level 5!
Aiming: Mindburst
Press: ? - help, Shift-Dir - straight line, f - killer bee
Aim: a killer bee (heavily wounded, chance to affect: 72%)
The killer bee struggles to resist.
* * * LOW HITPOINT WARNING * * *
You feel sick. The killer bee barely misses you. The killer bee misses you.
Unknown command.
It was a potion of brilliance.
You feel clever all of a sudden.
* * * LOW HITPOINT WARNING * * *
You feel sick. The killer bee misses you. x2
Unknown command.
It was a potion of degeneration.
There was something very wrong with that liquid.
You feel weakened.
You feel dopey.
You feel clumsy.
* * * LOW HITPOINT WARNING * * *
You feel sick. The killer bee barely misses you. The killer bee stings you!
You die...

# ###########.# #. #
###...........# #.
#...########### #. #.### #. #.#
#. #.# #. #.# #.
#y###############.
#@................
#####.#.##########
#####################
#...†.......[.......#
###...#...#...#...#..#
##########......)............_#
...........#.(.#...#...#...#..###
###########...................#..
#######################


You could see a killer bee.

Vanquished Creatures
  Menkaure (D:4)
  An ogre (D:4)
  A necrophage (D:4)
  A killer bee (D:4)
  5 gnolls
  5 adders
  A worm (D:3)
  2 dart slugs
  3 orcs (D:4)
  2 endoplasms
  3 giant cockroaches
  3 hobgoblins (D:1)
  5 jackals (D:3)
  A quokka (D:4)
  A ball python (D:3)
  3 bats
  2 frilled lizards
  2 goblins (D:1)
  4 kobolds
  3 rats
49 creatures vanquished.

Notes
Turn   | Place    | Note
-------+----------+-------------------------------------------
     0 | D:1      | oldriver the Spriggan Hunter began the quest for the Orb.
     0 | D:1      | Reached XP level 1. HP: 10/10 MP: 2/2
   222 | D:1      | Reached skill level 5 in Bows
   299 | D:1      | Reached XP level 2. HP: 15/15 MP: 3/3
   700 | D:2      | Reached XP level 3. HP: 18/18 MP: 4/4
  1489 | D:3      | Found an iron altar of Okawaru.
  1522 | D:3      | Found a faded altar of an unknown god.
  1669 | D:3      | Reached XP level 4. HP: 23/23 MP: 5/5
  1778 | D:3      | Found an ornate altar of the Wu Jian Council.
  2083 | D:4      | Noticed a necrophage
  2178 | D:4      | Found a blossoming altar of Fedhas.
  2179 | D:4      | Found a shimmering blue altar of Sif Muna.
  2180 | D:4      | Found a basalt altar of Yredelemnul.
  2180 | D:4      | Found a stormy altar of Qazlal.
  2180 | D:4      | Found a white marble altar of Elyvilon.
  2183 | D:4      | Found a broken altar of Ashenzari.
  2186 | D:4      | Found a glowing golden altar of the Shining One.
  2226 | D:4      | Noticed Menkaure
  2234 | D:4      | Killed Menkaure
  2235 | D:4      | Reached skill level 6 in Bows
  2235 | D:4      | Reached XP level 5. HP: 10/27 MP: 6/6
  2634 | D:4      | Noticed an ogre
  2650 | D:4      | Killed an ogre
  2651 | D:4      | Reached XP level 6. HP: 32/32 MP: 7/7
  2663 | D:4      | Found a bloodstained altar of Trog.
  3158 | D:4      | Reached skill level 7 in Bows
  3255 | D:5      | Entered Level 5 of the Dungeon
  3265 | D:4      | Reached skill level 5 in Stealth
  3267 | D:4      | Slain by a killer bee

Illustrated notes

Levels and vault maps discovered:
D:1:      evilmike_arrival_hilbert_curve, layout_basic, minmay_misc_feat_tiny,
          nrook_mini_vaults
D:2:      layout_basic, nicolae_underground_beach
D:3:      layout_rooms, mainiacjoe_overflow_surrounded_room, okawaru_trees_2,
          ebering_ecumenical_altar_abandoned
D:4:      layout_loops_ring, minitemple, lemuel_coloured_pillars_altar,
          amethyst_killhole, uniq_menkaure
D:5:      layout_rooms, uniq_edmund

Skill      XL: |  1  2  3  4  5  6 |
---------------+-------------------+-----
Bows           | 5 6 7 |  7.2
Stealth        | 2 3 4 5 |  5.0
Dodging        | 3 4 |  4.9
Fighting       | 2 3 |  3.0

Action                   |  1- 3 |  4- 6 || total
-------------------------+-------+-------++-------
 Fire: Shortbow          |    74 |    68 ||   142
Evoke: Wand              |       |     7 ||     7
  Use: Potion            |       |     2 ||     2
Armor: Robe              |     2 |     1 ||     3
Dodge: Dodged            |    14 |    25 ||    39

Table legend: (Time is in decaauts)
 A = Elapsed time spent in this place.
 B = Non-inter-level travel time spent in this place.
 C = Inter-level travel time spent in this place.
 D = Time resting spent in this place.
 E = Time spent auto-exploring this place.
 F = Levels seen in this place.
 G = Mean time per level.
                   A        B        C        D        E       F      G
               +--------+--------+--------+--------+--------+-----+--------+
         Total |   2285 |   2225 |     60 |    414 |   1481 |   5 |  457.0 |
       Dungeon |   2285 |   2225 |     60 |    414 |   1481 |   5 |  457.0 |
               +--------+--------+--------+--------+--------+-----+--------+

Top non-repeatable levels by time:
     D:4: 1059 daAuts
     D:2: 469 daAuts
     D:1: 429 daAuts
     D:3: 323 daAuts
     D:5: 4 daAuts
